Map: Terrasses de Prion

Players

Daerin - Winner!

  • Race: Protoss Protoss
  • League: Bronze

Magnioos

  • Race: Protoss Protoss

VOD

Have the link to the VOD?

Description

Time

  • Played on: Jan. 17, 2016, 1:26 p.m.
  • Length: 11:47
Show
View Real Time Build Order
Export as new Build Order

Daerin Protoss - Winner!

Build Orders:  

Get SALT Encoding   

  12  0:01  Probe (Chrono Boost)  
  13  0:12  Probe (Chrono Boost)  
  14  0:19  Pylon  
  14  0:25  Probe (Chrono Boost)  
  15  0:37  Probe (Chrono Boost)  
  15  0:40  Gateway  
  16  0:48  Probe (Chrono Boost), Assimilator  
  17  0:58  Probe (Chrono Boost)  
  18  1:04  Gateway  
  18  1:16  Pylon  
  18  1:27  Cybernetics Core  
  18  1:29  Probe (Chrono Boost)  
  19  1:46  Assimilator  
  19  2:02  Nexus  
  19  2:08  Warp Gate (Chrono Boost)  
  19  2:15  Probe  
  20  2:29  Stalker (Chrono Boost)  
  24  2:31  Stalker (Chrono Boost)  
  24  2:37  Probe  
  24  2:40  Pylon  
  25  3:02  Probe  
  26  3:12  Stalker, Probe  
  28  3:13  Robotics Facility  
  28  3:18  Probe  
  30  3:31  Probe (Chrono Boost)  
  30  3:32  Probe (Chrono Boost)  
  32  3:44  Mothership Core (Chrono Boost), Probe (Chrono Boost)  
  35  4:02  Probe (Chrono Boost)  
  36  4:05  Observer (Chrono Boost)  
  37  4:17  Gateway  
  37  4:19  Gateway  
  37  4:24  Pylon  
  37  4:25  Warp Prism (Chrono Boost)  
  37  4:28  Pylon  
  37  4:31  Pylon  
  39  4:33  Stalker  
  39  4:35  Sentry  
  39  4:36  Probe  
  44  4:40  Probe  
  45  4:46  Probe  
  46  5:05  Twilight Council  
  46  5:11  Assimilator  
  46  5:15  Assimilator  
  46  5:20  Zealot x3  
  46  5:21  Zealot  
  54  5:40  Pylon  
  54  5:49  Zealot  
  56  5:50  Zealot x3  
  62  6:15  Zealot x2  
  66  6:21  Zealot  
  66  6:22  Zealot  
  70  6:28  Charge (Chrono Boost)  
  68  6:42  Zealot  
  68  6:43  Zealot x3  
  52  7:04  Zealot  
  52  7:05  Zealot x3  
  44  7:26  Zealot x3  
  50  7:42  Pylon  
  50  7:46  Pylon  
  50  7:47  Probe  
  50  7:50  Nexus  
  51  7:55  Probe  
  52  7:59  Stalker x3, Probe  
  52  8:00  Stalker  
  61  8:05  Probe  
  62  8:14  Forge  
  62  8:16  Resonating Glaives (Chrono Boost)  
  62  8:23  Gateway  
  62  8:24  Gateway  
  62  8:30  Pylon  
  62  8:35  Sentry, Zealot  
  62  8:36  Sentry, Zealot  
  70  8:53  Probe  
  71  9:01  Protoss Ground Weapons Level 1 (Chrono Boost)  
  71  9:04  Probe, Zealot  
  71  9:05  Zealot x3  
  72  9:31  Adept x2  
  72  9:32  Adept x3  
  72  9:33  Adept  
  66  9:50  Pylon  
  66  9:54  Probe  
  67  10:00  Pylon  
  67  10:04  Probe  
  68  10:12  Stalker x3  
  74  10:15  Probe  
  75  10:25  Probe  
  66  10:36  Probe  
  66  10:41  Stalker, Zealot x2  
  66  10:42  Zealot x3  
  73  11:07  Adept x4  
  73  11:08  Adept x2  
  77  11:27  Pylon  
Show
View Real Time Build Order
Export as new Build Order

Magnioos Protoss 

Build Orders:  

Get SALT Encoding   

  12  0:02  Probe (Chrono Boost)  
  13  0:12  Probe (Chrono Boost)  
  14  0:22  Pylon  
  14  0:26  Probe (Chrono Boost)  
  15  0:40  Probe (Chrono Boost)  
  15  0:42  Gateway  
  16  0:50  Probe (Chrono Boost)  
  17  1:01  Probe (Chrono Boost)  
  18  1:07  Pylon  
  18  1:09  Assimilator  
  18  1:11  Probe (Chrono Boost)  
  19  1:22  Probe (Chrono Boost)  
  20  1:29  Cybernetics Core  
  21  1:32  Probe (Chrono Boost)  
  21  1:51  Gateway  
  21  1:55  Probe (Chrono Boost)  
  22  2:06  Probe (Chrono Boost)  
  23  2:08  Warp Gate (Chrono Boost)  
  23  2:13  Nexus  
  22  2:17  Probe  
  23  2:25  Pylon  
  23  2:35  Assimilator  
  23  2:49  Robotics Facility  
  23  2:51  Pylon  
  23  2:54  Probe  
  23  3:13  Gateway  
  23  3:15  Adept  
  23  3:17  Stalker  
  27  3:25  Probe  
  28  3:29  Pylon  
  28  3:36  Probe  
  28  3:41  Immortal  
  33  3:55  Probe  
  33  4:01  Assimilator  
  34  4:06  Probe  
  34  4:08  Stalker  
  37  4:16  Probe  
  37  4:22  Stalker x2  
  42  4:27  Probe  
  43  4:35  Immortal (Chrono Boost)  
  43  4:38  Probe  
  47  4:45  Adept  
  50  4:46  Adept  
  50  4:48  Probe  
  53  5:00  Adept  
  55  5:10  Immortal (Chrono Boost)  
  59  5:14  Stalker  
  59  5:17  Stalker  
  63  5:39  Pylon  
  63  5:42  Forge  
  63  5:43  Warp Prism (Chrono Boost)  
  63  5:49  Gateway  
  67  6:18  Immortal (Chrono Boost)  
  67  6:20  Probe  
  65  6:27  Stalker  
  65  6:29  Stalker  
  65  6:30  Probe  
  53  6:52  Stalker, Immortal (Chrono Boost)  
  50  6:57  Stalker  
  42  7:38  Stalker x2  
  46  7:46  Probe  
  46  7:50  Assimilator  
  47  7:55  Immortal (Chrono Boost)  
  47  7:56  Probe  
  52  8:13  Stalker x2  
  56  8:26  Stalker, Zealot  
  60  8:28  Probe  
  65  8:39  Probe  
  63  8:48  Observer (Chrono Boost)  
  63  8:50  Probe  
  64  9:03  Nexus  
  64  9:05  Stalker  
  64  9:06  Stalker  
  64  9:07  Stalker  
  38  9:47  Gateway  
  38  9:49  Pylon  
  38  9:52  Stalker  
  38  9:53  Stalker x3  
  45  10:18  Stalker x3  
  45  10:19  Stalker  
  39  10:44  Immortal (Chrono Boost)  
  39  10:46  Stalker  
  39  10:47  Stalker  
  39  10:48  Stalker  
  39  10:49  Stalker  
  38  11:17  Stalker x2  
  40  11:27  Stalker  
Tags
 
Add a new tag
Caveats
  • Supply blocks, unpowered buildings, or Contaminate may cause inaccurate times.
  • Supply counts are checked every 10 seconds.